[Event "*** Titled Tuesday Blitz"]
[Site "Chess.com"]
[Date "2021.02.02"]
[Round "10"]
[White "Susik_Gaboyan"]
[Black "SanchezKelvin"]
[Result "0-1"]
[WhiteElo "2303"]
[BlackElo "2460"]
[TimeControl "180+1"]
[EndTime "11:56:02 PST"]
[Termination "SanchezKelvin won by resignation"]

1. Nf3 g6 2. g3 Bg7 3. Bg2 c5 4. O-O Nc6 5. c3 e5 6. d4 cxd4 7. cxd4 exd4 8. Na3 a6 9. Nc4 d5 10. Ncd2 Nge7 11. Nb3 Qb6 12. Bg5 Nf5 13. Qd2 h6 14.
Bf4 g5 15. Bxg5 hxg5 16. Qxg5 Qd8 17. Qd2 O-O 18. h4 Qf6 19. Nc5 Nd6 20. Ng5 Nc4 21.
Qd3 Bf5 22. Qf3 Nd2 23. Qxd5 Nxf1 24. Rxf1 Rad8 25. Qb3 b5 26. Nce4 Qe7 27. Qf3 Bg6 28.
h5 Ne5 29. Qf4 Bxh5 30. Qh4 Bg6 31. f4 f6 32. f5 fxg5 33. Nxg5 Rxf5 34. Rc1 Qxg5 0-1

[Event "*** Titled Tuesday Blitz"]
[Site "Chess.com"]
[Date "2021.02.02"]
[Round "10"]
[White "IMJonathanCarlstedt"]
[Black "Ladislav1969"]
[Result "1-0"]
[WhiteElo "2486"]
[BlackElo "2330"]
[TimeControl "180+1"]
[EndTime "11:56:03 PST"]
[Termination "IMJonathanCarlstedt won by resignation"]

1. d4 Nf6 2. Bf4 g6 3. Nc3 d5 4. e3 Bg7 5. Nb5 Na6 6. a3 c6 7. Nc3 Nc7 8. h4 a5 9. Be2 h5 10. Be5 b5 11. Nf3 Bg4 12. Ng5 Bxe2 13. Nxe2 Qd7 14.
Nf4 O-O 15. Qd3 Ne4 16. Bxg7 Kxg7 17. Nxe4 dxe4 18. Qxe4 Nd5 19. Nd3 f5 20. Qe5+ Rf6 21. Nc5 Qd6 22. O-O-O b4 23. a4 Nc7 24. Rhe1 Ne6 25.
Qxd6 exd6 26. Nxe6+ Rxe6 27. d5 cxd5 28. Rxd5 Kf6 29.
Red1 Ke7 30. g3 Ra6 31. Rb5 Re5 32. Rdd5 Ke6 33. Rxe5+ dxe5 34. b3 Ra8 35. c4 Ra7 36. Kc2 Ra8 37. Rb6+ Kf7 38. Rd6 Ra7 39. Kd3 Ra8 40. c5 Rc8 41. Kc4 Rb8 42. Kd5 Rc8 43.
c6 f4 44. Rd7+ Kf6 45. Kd6 fxg3 46. fxg3 Kf5 47. c7 Ra8 48. Rd8 Ra6+ 49. Kd5 1-0

[Event "*** Titled Tuesday Blitz"]
[Site "Chess.com"]
[Date "2021.02.02"]
[Round "10"]
[White "GumisGLHF"]
[Black "boasovietica"]
[Result "1-0"]
[WhiteElo "2369"]
[BlackElo "2482"]
[TimeControl "180+1"]
[EndTime "11:56:04 PST"]
[Termination "GumisGLHF won by checkmate"]

1. d4 Nf6 2. Nf3 g6 3. c4 Bg7 4. Nc3 O-O 5. e4 d6 6. h3 c5 7. d5 b5 8. cxb5 a6 9. a4 Qa5 10. Nd2 axb5 11. Bxb5 Ba6 12. O-O Bxb5 13. Nxb5 Qxb5 14. axb5 Rxa1 15. Qc2 Nbd7 16. Nc4 Raa8 17.
Bd2 Rfb8 18. Na3 Ne8 19. Bc3 Bxc3 20. Qxc3 Nc7 21. Qd3 Ne5 22. Qe2 Ra4 23. f4 Nd7 24. e5 Nxd5 25. e6 N7f6 26. exf7+ Kxf7 27. f5 g5 28. Qe6+ Kf8 29. Re1 Rb4 30. Qe2 Nf4 31. Qxe7+ Kg8 32.
Qxf6 h6 33. Re7 Nh5 34. Qg6+ Kf8 35. Qf7# 1-0

[Event "*** Titled Tuesday Blitz"]
[Site "Chess.com"]
[Date "2021.02.02"]
[Round "10"]
[White "mikolka1985"]
[Black "Fandorine"]
[Result "0-1"]
[WhiteElo "2602"]
[BlackElo "2849"]
[TimeControl "180+1"]
[EndTime "11:56:05 PST"]
[Termination "Fandorine won by resignation"]

1. d4 Nf6 2. c4 g6 3. g3 Bg7 4. Bg2 O-O 5. Nc3 d6 6. Nf3 Nbd7 7. O-O e5 8. e4 exd4 9. Nxd4 Nc5 10. h3 Re8 11.
Re1 Bd7 12. Kh2 h5 13. f3 a5 14. Be3 g5 15. Nb3 Ne6 16. Qd2 h4 17. gxh4 Nh5 18. hxg5 Be5+ 19. Kg1 Nef4 20. h4 f6 21. g6 f5 22. Bf2 Qf6 23. Bd4 Qxg6 24. Bxe5 Rxe5 25. Nd5 Qg3 26. Kf1 Qxh4 27. Nxf4 Nxf4 28. exf5 Bxf5 29.
Rxe5 dxe5 30. Nc5 Rd8 31. Qf2 Qxf2+ 32. Kxf2 Rd2+ 33. Kf1 b6 0-1

[Event "*** Titled Tuesday Blitz"]
[Site "Chess.com"]
[Date "2021.02.02"]
[Round "10"]
[White "Supernotar"]
[Black "ozates"]
[Result "1-0"]
[WhiteElo "2788"]
[BlackElo "2514"]
[TimeControl "180+1"]
[EndTime "11:56:05 PST"]
[Termination "Supernotar won by checkmate"]

1. d4 d5 2. c4 c6 3. e3 Nf6 4. Bd3 dxc4 5. Bxc4 Nbd7 6. Nf3 b5 7. Bd3 Bb7 8. O-O e6 9. a4 a6 10. b3 Bd6 11. Bb2 O-O 12. Nbd2 Qe7 13. Qe2 e5 14.
dxe5 Nxe5 15. Nxe5 Bxe5 16. Bxe5 Qxe5 17. Nf3 Qd5 18.
Qc2 h6 19. Rfd1 Qh5 20. Rac1 c5 21. axb5 Bxf3 22. gxf3 Qxf3 23. bxa6 Rfe8 24. Qe2 Qh3 25. Qf1 Qh4 26. Qg2 Rad8 27. a7 Ng4 28. Ra1 Ra8 29. h3 Nf6 30. Be2 Ne4 31. Bf3 f5 32. Bxe4 fxe4 33.
Rd7 Qf6 34. Ra6 Qc3 35. Rg6 Kh8 36. Rgxg7 Rg8 37. Rh7# 1-0

[Event "*** Titled Tuesday Blitz"]
[Site "Chess.com"]
[Date "2021.02.02"]
[Round "10"]
[White "QuintilianoR"]
[Black "Sam_ChessMood"]
[Result "0-1"]
[WhiteElo "2715"]
[BlackElo "2841"]
[TimeControl "180+1"]
[EndTime "11:56:08 PST"]
[Termination "Sam_ChessMood won by resignation"]

1. Nf3 d5 2. d4 Nf6 3. c4 e6 4.
Nc3 a6 5. cxd5 exd5 6. Bg5 Be6 7. Qb3 Nbd7 8. e3 Ra7 9. Bd3 Bd6 10. O-O O-O 11.
h3 c6 12. Bf4 Qb8 13. Ne2 Re8 14. a4 Nh5 15. Bxd6 Qxd6 16. a5 Nf8 17. Qa3 Qxa3 18. Rxa3 Re7 19. Rc1 Nf6 20. Nc3 Ne8 21. Na4 Nd6 22. Nc5 Nd7 23. Rb3 Nxc5 24. dxc5 Nb5 25. Bxb5 axb5 26. Ra3 Ra6 27. b4 Bd7 28. Nd4 g5 29. f3 Kg7 30. Kf2 h5 31. g4 h4 32.
Rd1 Kg6 33. Ne2 f5 34. Rd4 Rf7 35. Ra1 Ra8 36. Rg1 fxg4 37. hxg4 Re8 38. f4 Rfe7 39. Rd3 Re4 40. f5+ Kf6 41. Nd4 Rh8 42. Nf3 Rxb4 43. Ra1 Rxg4 44. a6 bxa6 45. Rxa6 Kxf5 46. Nd4+ Ke4 0-1

[Event "*** Titled Tuesday Blitz"]
[Site "Chess.com"]
[Date "2021.02.02"]
[Round "10"]
[White "MrrRefrao"]
[Black "Sofiia_Hryzlova"]
[Result "1-0"]
[WhiteElo "2391"]
[BlackElo "2252"]
[TimeControl "180+1"]
[EndTime "11:56:08 PST"]
[Termination "MrrRefrao won by checkmate"]

1. e4 e6 2. d4 d5 3. Nc3 Nc6 4. Nf3 Nf6 5. e5 Ne4 6. Bd3 Bb4 7. Bd2 Nxd2 8. Qxd2 Ne7 9. a3 Ba5 10. h4 Bb6 11.
Na4 c5 12. Nxc5 Bxc5 13. dxc5 a5 14. h5 h6 15. O-O O-O 16. b4 b6 17. Qe3 Ba6 18. b5 bxc5 19. bxa6 c4 20. Be2 Nf5 21. Qc5 Rxa6 22. Rab1 Qa8 23. g4 Rc8 24. Qb5 Ne7 25.
Nd4 f6 26. f4 Qa7 27. c3 Nc6 28. Rfd1 Rb8 29. Qxc6 Rxc6 30. Rxb8+ Kh7 31. Rdb1 fxe5 32. fxe5 Rc7 33. Kg2 Rf7 34. Re8 Qc5 35. Rbb8 Rf2+ 36. Kxf2 Qf8+ 37. Rxf8 g6 38. Rf7# 1-0

[Event "*** Titled Tuesday Blitz"]
[Site "Chess.com"]
[Date "2021.02.02"]
[Round "10"]
[White "Beca95"]
[Black "jefferyx"]
[Result "0-1"]
[WhiteElo "2903"]
[BlackElo "2983"]
[TimeControl "180+1"]
[EndTime "11:56:11 PST"]
[Termination "jefferyx won by resignation"]

1. d4 Nf6 2. c4 c5 3. d5 b5 4. Bg5 bxc4 5. Nc3 d6 6. e4 h6 7. Bh4 Qa5 8. Qd2 g5 9. Bg3 Nbd7 10. Bxc4 Bg7 11. Nf3 Ba6 12. Bxa6 Qxa6 13. e5 Nh5 14. exd6 exd6 15. Qe2+ Qxe2+ 16. Kxe2 Nxg3+ 17. hxg3 Rb8 18. Rab1 O-O 19. Nd2 Rfe8+ 20. Kd3 Ne5+ 21. Kc2 Ng4 22. Nce4 Bd4 23. f3 Ne3+ 24. Kd3 Nxd5 25. a3 Re6 26. Nc4 Rd8 27. b4 f5 28. Ned2 Ne3 29. Rhe1 Rde8 30. bxc5 Bxc5 31. Rb7 Nxg2 32. Rxe6 Rxe6 33. Rd7 h5 34. g4 fxg4 35. fxg4 Nf4+ 36. Kc2 hxg4 37. Nf1 d5 38. Na5 Bf2 39. Nb7 g3 40. Nxg3 Bxg3 41. Nd8 Rf6 42. Rxa7 g4 43. a4 Bf2 44. Ra8 g3 45.
Ne6+ Kf7 46. Ng5+ Kg6 47. Rg8+ Kf5 48. Nf3 g2 49. Nh4+ Bxh4 0-1

[Event "*** Titled Tuesday Blitz"]
[Site "Chess.com"]
[Date "2021.02.02"]
[Round "10"]
[White "annacramling"]
[Black "NateSolon"]
[Result "0-1"]
[WhiteElo "2118"]
[BlackElo "2499"]
[TimeControl "180+1"]
[EndTime "11:56:11 PST"]
[Termination "NateSolon won by resignation"]

1. d4 d5 2. c4 c6 3. Nf3 Nf6 4. Nc3 e6 5. e3 Nbd7 6. Bd3 Bd6 7. O-O dxc4 8. Bxc4 b5 9. Bd3 Bb7 10. e4 e5 11. d5 cxd5 12. Nxb5 Bc5 13. exd5 O-O 14. Bc4 e4 15. Nfd4 Ne5 16. Bb3 Qb6 17.
Be3 Neg4 18. Bf4 a6 19. Bc7 Bxd4 20. Bxb6 Bxb6 21. Nd6 Bc8 22. Nxc8 Raxc8 23. Qe2 Rfe8 24. h3 Ne5 25. Rac1 Nd3 26. Rxc8 Rxc8 27. Bc2 Nf4 28.
Qd2 N4xd5 29. Bxe4 Nc7 30. Bb7 Rb8 31. Bc6 Ne6 32.
Rd1 g6 33. Qe2 Bd4 34. Rc1 Rxb2 35. Rc2 Rb1+ 36. Kh2 Kg7 37. Rd2 Rc1 38. Bf3 Bc5 39. Bg4 Ng5 40. h4 Nge4 41. Rc2 Rxc2 42. Qxc2 Nxg4+ 43. Kg1 Bxf2+ 44. Kf1 Ne3+ 45. Ke2 Nxc2 46. Kd3 Nb4+ 47.
Kxe4 Nxa2 48. Kf3 Bxh4 49. g3 Bf6 50. g4 Nc3 51. Ke3 a5 52. Kd3 a4 53. Kc2 h5 54.
Kb2 hxg4 0-1

[Event "*** Titled Tuesday Blitz"]
[Site "Chess.com"]
[Date "2021.02.02"]
[Round "10"]
[White "Vaathi_Coming"]
[Black "elohunter1999"]
[Result "1-0"]
[WhiteElo "2839"]
[BlackElo "2676"]
[TimeControl "180+1"]
[EndTime "11:56:13 PST"]
[Termination "Vaathi_Coming won by checkmate"]

1. Nf3 d5 2. b3 c5 3. Bb2 f6 4. e3 e5 5. c4 d4 6. exd4 cxd4 7. Bd3 Nc6 8. O-O Bc5 9. Nh4 Be6 10. Nf5 Qd7 11.
Ng3 Nge7 12. f4 O-O 13. f5 Bf7 14. Na3 Nb4 15. Be4 d3+ 16. Kh1 Bd4 17. Bc3 a5 18.
Nb5 Bxc3 19. Nxc3 Rad8 20. Rf3 Nec6 21. a3 Na6 22. Rxd3 Qe7 23. Bd5 Nc5 24. Re3 Nd4 25.
b4 Ncb3 26. Rb1 axb4 27. axb4 Qxb4 28. Qg4 Bxd5 29. Nxd5 Qxc4 30. Nh5 Rf7 31. Ndxf6+ Kh8 32. Nxh7 Qc8 33. Ng5 Rxf5 34. Rh3 Rf1+ 35. Rxf1 Qxg4 36. Nf6+ Qxh3 37. Nf7# 1-0

[Event "*** Titled Tuesday Blitz"]
[Site "Chess.com"]
[Date "2021.02.02"]
[Round "10"]
[White "Vesper2018"]
[Black "BvsN"]
[Result "1-0"]
[WhiteElo "2581"]
[BlackElo "2376"]
[TimeControl "180+1"]
[EndTime "11:56:14 PST"]
[Termination "Vesper2018 won on time"]

1. e4 c5 2. Nc3 e6 3. Nge2 a6 4. g3 b5 5. Bg2 Bb7 6. d4 cxd4 7.
Nxd4 Ne7 8. O-O Nec6 9. Be3 Nxd4 10. Qxd4 Nc6 11. Qd2 Ne5 12. b3 Rc8 13. Ne2 Be7 14.
Bd4 f6 15. Rfd1 Qc7 16. c3 Bc6 17. f4 Nf7 18. Rac1 O-O 19. Qe3 e5 20. Bb6 Qb7 21.
c4 bxc4 22. bxc4 Rb8 23. c5 Rbc8 24. f5 Ng5 25. Nc3 Bd8 26. Rb1 Bxb6 27. Rxb6 Qa8 28. Nd5 Rfe8 29. Bf1 Bb5 30. Bxb5 axb5 31. Rxb5 Qxa2 32.
h4 Nh3+ 33. Kf1 Qh2 34. Qf3 Ra8 35. Qg2 Ra2 36. Qxh2 Rxh2 37. Rdb1 Rf2+ 38. Ke1 Rh2 39. Rb8 Rxb8 40. Rxb8+ Kf7 41. Rb7 Ke8 42. Nb6 Rg2 43.
Nxd7 Rxg3 44. Kd2 1-0

[Event "*** Titled Tuesday Blitz"]
[Site "Chess.com"]
[Date "2021.02.02"]
[Round "10"]
[White "glebus008"]
[Black "The_Machine04"]
[Result "0-1"]
[WhiteElo "2260"]
[BlackElo "2480"]
[TimeControl "180+1"]
[EndTime "11:56:14 PST"]
[Termination "The_Machine04 won on time"]

1. e4 d6 2. d4 Nf6 3. Nc3 e5 4.
Nf3 Nbd7 5. Bc4 Be7 6. O-O c6 7. a4 Qc7 8. h3 h6 9. Re1 Nf8 10.
Be3 Ng6 11. Qb1 O-O 12. a5 Rb8 13. Qa2 b5 14. axb6 axb6 15. b4 b5 16. Bb3 Bb7 17. Qa5 Qxa5 18. Rxa5 Bd8 19. Ra2 Bc7 20. dxe5 dxe5 21.
Ra7 Bd6 22. Bc5 Bxc5 23. bxc5 Nd7 24. h4 Nxc5 25. h5 Nf4 26. Nxe5 Nxh5 27. Rd1 Ra8 28. Rxa8 Bxa8 29. Nd7 Nxd7 30. Rxd7 Nf6 31. Rc7 Ng4 32. f4 g5 33. e5 gxf4 34. e6 Ne5 35. exf7+ Kg7 36.
Ne4 Nc4 37. Nc5 Rxf7 38. Ne6+ Kf6 39. Rxf7+ Kxf7 40. Nxf4 Kf6 41. Bxc4 bxc4 42. Kf2 c5 43. Ke3 Ke5 44. g3 Be4 45. c3 Kf5 46. Ne2 Bd3 47. Nf4 Kg4 48. Kf2 h5 49. Ne6 Kf5 50. Nxc5 Bc2 51. Na4 Bxa4 52. Ke3 Bc2 0-1

[Event "*** Titled Tuesday Blitz"]
[Site "Chess.com"]
[Date "2021.02.02"]
[Round "10"]
[White "EvgenyT"]
[Black "rasmussvane"]
[Result "1-0"]
[WhiteElo "2981"]
[BlackElo "2884"]
[TimeControl "180+1"]
[EndTime "11:56:15 PST"]
[Termination "EvgenyT won by resignation"]

1. c4 Nf6 2. Nc3 c5 3. g3 d5 4. cxd5 Nxd5 5. Bg2 Nxc3 6. bxc3 e5 7. Nh3 Bd6 8. f4 Bxh3 9. Bxh3 exf4 10. Qa4+ Nc6 11.
Rb1 Qc7 12. gxf4 O-O 13. O-O Rfe8 14. e3 Rad8 15. d4 Na5 16. Bd2 b6 17. Rbe1 a6 18.
Qd1 Nc4 19. Bc1 b5 20. Kh1 Bf8 21. Rg1 g6 22. Qg4 Bg7 23. f5 cxd4 24. cxd4 Nd6 25. fxg6 hxg6 26. Bg2 Qe7 27. Ba3 Qe6 28. Qxe6 Rxe6 29.
Bd5 Ree8 30. Rxg6 Ne4 31. Bb3 Nf2+ 32. Kg2 Nd3 33. Rf1 Rxe3 34. Rxf7 Kh8 35. Rgxg7 Rxd4 1-0

[Event "*** Titled Tuesday Blitz"]
[Site "Chess.com"]
[Date "2021.02.02"]
[Round "10"]
[White "PavelChernomordik"]
[Black "OlifantCZ"]
[Result "0-1"]
[WhiteElo "2372"]
[BlackElo "2196"]
[TimeControl "180+1"]
[EndTime "11:56:15 PST"]
[Termination "OlifantCZ won by resignation"]

1. e4 e6 2. Nc3 d5 3. d4 Bb4 4. Ne2 dxe4 5. a3 Be7 6. Nxe4 Nf6 7. Qd3 O-O 8. Bf4 Nxe4 9. Qxe4 Nd7 10. O-O-O Nf6 11.
Qd3 b6 12. f3 Bb7 13. g4 c5 14. h4 Qd5 15. Rh3 Qa2 16. Nc3 Qa1+ 17. Nb1 cxd4 18. Be5 Rfd8 19. g5 Nd7 20. Bxd4 Nc5 21. Qe3 Rac8 22.
Bc4 b5 23. Bxb5 e5 24. Bc3 Rxd1+ 25. Kxd1 Qxb1+ 26. Ke2 Qxc2+ 27. Kf1 Rd8 28. Qxe5 Rd1+ 29.
Be1 Nd3 30. Qb8+ Bf8 31. Bxd3 Qxd3+ 32. Kf2 Qc2+ 33. Kg3 Rxe1 34. Qxb7 Bd6+ 35. Kg4 Rg1+ 0-1

[Event "*** Titled Tuesday Blitz"]
[Site "Chess.com"]
[Date "2021.02.02"]
[Round "10"]
[White "eCztery"]
[Black "CheckThis4"]
[Result "0-1"]
[WhiteElo "2439"]
[BlackElo "2568"]
[TimeControl "180+1"]
[EndTime "11:56:16 PST"]
[Termination "CheckThis4 won by resignation"]

1. e4 c5 2. Nf3 d6 3. d4 cxd4 4.
Qxd4 a6 5. c4 Nc6 6. Qe3 g6 7.
Nc3 Bh6 8. Qd3 Bg7 9. Be2 Nf6 10.
O-O O-O 11. Rb1 Nd7 12. b3 Nc5 13. Qc2 f5 14. Bb2 fxe4 15. Ng5 Nd4 16. Qd1 Bf5 17. Ncxe4 Nxe4 18. Nxe4 Bxe4 19. Bxd4 Bxb1 20. Bxg7 Kxg7 21. Qxb1 e5 22. Qe4 Qe7 23. Rd1 Rad8 24. Bf3 Rf7 25. h3 Rd7 26. Qd5 h5 27. Rd3 Qg5 28. Be4 Qc1+ 29.
Kh2 Qf4+ 30. Kh1 Qxf2 31. Rf3 Rxf3 32. Bxf3 Qd4 33. Qe6 Rf7 34. Kh2 a5 35. Bd5 Qf4+ 36.
Kh1 Rf6 37. Qe7+ Kh6 38. Qxb7 Qc1+ 39. Kh2 Rf1 40. g4 Qf4+ 0-1

[Event "*** Titled Tuesday Blitz"]
[Site "Chess.com"]
[Date "2021.02.02"]
[Round "10"]
[White "Philosopherrr"]
[Black "Evgeny81"]
[Result "1-0"]
[WhiteElo "2607"]
[BlackElo "2730"]
[TimeControl "180+1"]
[EndTime "11:56:17 PST"]
[Termination "Philosopherrr won by checkmate"]

1. e4 c5 2. Nf3 Nc6 3. d3 g6 4. Nbd2 Bg7 5. g3 Nf6 6. Bg2 d5 7. O-O O-O 8. c3 d4 9. cxd4 cxd4 10. a3 Nd7 11. b4 a6 12. Bb2 b5 13. Rc1 Bb7 14.
Nb3 e5 15. Nc5 Nxc5 16. Rxc5 Re8 17. Qb3 Bf8 18. Rc2 Qd7 19. Rfc1 Rac8 20. Ng5 Rc7 21. h4 h6 22. Bh3 Qd6 23. Nf3 Kg7 24. Qd5 Qf6 25.
Kg2 Nxb4 26. Rxc7 Bxd5 27. axb4 Be6 28. Bxe6 Qxe6 29. R1c6 Qb3 30. Nxe5 Qxb2 31. Rxf7+ Kh8 32. Nxg6+ Kg8 33. Rcc7 Rc8 34. Rcd7 Rd8 35. Rb7 Rb8 36. Ra7 Rb6 37. Rxf8# 1-0

[Event "*** Titled Tuesday Blitz"]
[Site "Chess.com"]
[Date "2021.02.02"]
[Round "10"]
[White "ruvat"]
[Black "Yaryi_sergey"]
[Result "0-1"]
[WhiteElo "2322"]
[BlackElo "2460"]
[TimeControl "180+1"]
[EndTime "11:56:18 PST"]
[Termination "Yaryi_sergey won on time"]

1. d4 Nf6 2. c4 c5 3. d5 g6 4.
Nc3 Bg7 5. g3 a6 6. Bg2 d6 7. a4 a5 8. Nf3 Na6 9. O-O Nb4 10. e4 O-O 11. h3 e6 12. Bf4 exd5 13. cxd5 Re8 14. Re1 Nh5 15. Bg5 Qb6 16. Qd2 Bd7 17.
Kh2 c4 18. Be3 Qc7 19. Bd4 Nd3 20. Re2 Bxd4 21. Nxd4 Qc5 22. Qe3 f5 23. b3 Nf6 24.
f3 Ne5 25. Rc1 fxe4 26. Nxe4 Nxe4 27. fxe4 Rac8 28. Rec2 Qb4 29. bxc4 Bxa4 30. Rc3 Rxc4 31. Rxc4 Nxc4 32. Qh6 Bd7 33. Rf1 Qd2 34. Qh4 Qxd4 0-1

[Event "*** Titled Tuesday Blitz"]
[Site "Chess.com"]
[Date "2021.02.02"]
[Round "10"]
[White "ehrenfeld"]
[Black "svilson23"]
[Result "1/2-1/2"]
[WhiteElo "2500"]
[BlackElo "2302"]
[TimeControl "180+1"]
[EndTime "11:56:22 PST"]
[Termination "Game drawn by repetition"]

1. e4 c5 2. Nf3 g6 3. Bc4 Bg7 4. O-O e6 5. c3 d5 6. exd5 exd5 7. Bb5+ Bd7 8. Bxd7+ Qxd7 9. d4 c4 10. Re1+ Ne7 11. Ne5 Bxe5 12. dxe5 O-O 13. Nd2 Nbc6 14. Nf3 Nf5 15. Bg5 Rfe8 16. Bf6 d4 17. cxd4 Ncxd4 18.
Nxd4 Qxd4 19. Qxd4 Nxd4 20. Re4 Nc6 21. Rxc4 Nxe5 22.
Rc7 b6 23. h3 Nd3 24. Rd1 Nc5 25. b4 Ne4 26. Bb2 Rac8 27. Rdd7 Rxc7 28. Rxc7 a5 29. b5 Nd6 30. a4 Kf8 31. Bd4 Nc8 32. Rc6 Rd8 33. Bxb6 Nxb6 34. Rxb6 Rd1+ 35. Kh2 Rd4 36.
Rb8+ Ke7 37. Rb7+ Ke6 38. Rb6+ Ke7 39. Rb7+ Ke6 40. Rb6+ Ke7 41. Rb7+ 1/2-1/2

[Event "*** Titled Tuesday Blitz"]
[Site "Chess.com"]
[Date "2021.02.02"]
[Round "10"]
[White "Lady_Nika"]
[Black "PawnEatingZombie"]
[Result "1-0"]
[WhiteElo "2371"]
[BlackElo "2233"]
[TimeControl "180+1"]
[EndTime "11:56:22 PST"]
[Termination "Lady_Nika won on time"]

1. d4 d5 2. e3 e6 3. f4 g6 4.
Nf3 Bg7 5. Bd3 Nf6 6. Nbd2 O-O 7. c3 b6 8. Qe2 c5 9. Ne5 Bb7 10. O-O Nc6 11. Rf3 Ne7 12. Rh3 Ne4 13. Qe1 f6 14.
Nef3 h5 15. Nf1 Nf5 16. Bxe4 dxe4 17. Nh4 Nxh4 18. Qxh4 f5 19. Qg3 Qf6 20. Bd2 Kf7 21. Qe1 Rfd8 22. Rd1 Rac8 23. b3 cxd4 24. exd4 b5 25.
b4 Bd5 26. Ne3 Rc7 27. Qe2 a6 28. Be1 Qe7 29. Rh4 Rh8 30. g4 hxg4 31. Rxh8 Bxh8 32.
Bg3 Bf6 33. Qf2 Rxc3 34. Kg2 Qc7 35. h3 gxh3+ 36. Kxh3 Rc1 37. Rd2 Rh1+ 38. Kg2 Qc1 39. Rc2 Qa1 40. Rc7+ Ke8 41. Nc2 g5 42. Ne3 Bxd4 43.
Rc8+ Kd7 44. Rc7+ Kd8 45. fxg5 1-0

[Event "*** Titled Tuesday Blitz"]
[Site "Chess.com"]
[Date "2021.02.02"]
[Round "10"]
[White "Srisshhhtea"]
[Black "MarcoRiehle"]
[Result "0-1"]
[WhiteElo "2477"]
[BlackElo "2707"]
[TimeControl "180+1"]
[EndTime "11:56:23 PST"]
[Termination "MarcoRiehle won on time"]

1. d4 d5 2. c4 e6 3. Nf3 Nf6 4. g3 dxc4 5. Bg2 Bb4+ 6. Bd2 a5 7. O-O O-O 8. Qc2 Bxd2 9. Nbxd2 b5 10. a4 c6 11. b3 cxb3 12. Nxb3 Nd5 13. Ne5 Nb4 14. Qc3 Ra6 15. Rfd1 f6 16. Nd3 Nxd3 17. Rxd3 b4 18.
Qc2 Nd7 19. Rc1 Nb6 20. Bxc6 Nd5 21. Bb5 Ra7 22. Nc5 Nc3 23. Bc4 Re8 24. e4 Rc7 25.
e5 f5 26. Rxc3 bxc3 27. Qxc3 Kh8 28. Qxa5 Bd7 29. Bb5 Rxc5 30. Rxc5 Qxa5 31. Bxd7 Qe1+ 32. Kg2 Qe4+ 33. Kh3 Qg4+ 34. Kg2 Qe4+ 35. Kh3 Qxd4 36.
Rc7 Qxe5 37. Rb7 Rb8 38. Ra7 Qd4 39. Rc7 Qg4+ 40. Kg2 Qe4+ 41. Kh3 Qe2 42. Kg2 Rd8 43. Bb5 Qe4+ 44. Kh3 g5 0-1

[Event "*** Titled Tuesday Blitz"]
[Site "Chess.com"]
[Date "2021.02.02"]
[Round "10"]
[White "HanSchut"]
[Black "Deepweb2020"]
[Result "0-1"]
[WhiteElo "2273"]
[BlackElo "2397"]
[TimeControl "180+1"]
[EndTime "11:56:25 PST"]
[Termination "Deepweb2020 won by resignation"]

1. e4 e5 2. Nf3 Nc6 3. Bc4 Bc5 4. b4 Bxb4 5. c3 Be7 6. d4 Na5 7. Be2 d6 8. Qa4+ c6 9. dxe5 dxe5 10. Nxe5 Nf6 11.
O-O O-O 12. Rd1 Qc7 13. Bf4 b5 14. Qc2 Bd6 15. Rxd6 Qxd6 16. Ng6 Qd8 17. Nxf8 Qxf8 18. Nd2 Be6 19. a4 b4 20. c4 c5 21. Be3 Nc6 22.
f4 Rd8 23. e5 Ng4 24. Bxg4 Bxg4 25. Nb3 Nd4 26. Bxd4 cxd4 27. h3 Be6 28. f5 Bc8 29.
Rd1 Qe8 30. Qe4 Qxa4 31. Rxd4 Re8 32. Nc5 Qa5 33. Rd5 Qb6 34. Kh2 b3 35. f6 b2 36. Qe3 b1=Q 37. Qg5 Qg6 38. Qxg6 hxg6 39. fxg7 0-1

[Event "*** Titled Tuesday Blitz"]
[Site "Chess.com"]
[Date "2021.02.02"]
[Round "10"]
[White "barriochess"]
[Black "HElissalt"]
[Result "1-0"]
[WhiteElo "2423"]
[BlackElo "2252"]
[TimeControl "180+1"]
[EndTime "11:56:26 PST"]
[Termination "barriochess won by resignation"]

1. e4 d6 2. d4 Nf6 3. f3 e5 4.
d5 Be7 5. Be3 O-O 6. Qd2 a5 7. c4 Na6 8. Nc3 Nc5 9. b3 Bd7 10.
Nge2 Ne8 11. Ng3 Bh4 12. Be2 h6 13. O-O Bg5 14. Rab1 Bxe3+ 15. Qxe3 Qg5 16. Kf2 Qxe3+ 17. Kxe3 g6 18. Nh1 Ng7 19. Nf2 f5 20. a3 f4+ 21.
Kd2 a4 22. b4 Nb3+ 23. Ke1 Nd4 24. Bd1 g5 25. h3 h5 26. Nd3 Ne8 27. Rh1 Nf6 28.
c5 Kg7 29. Ne2 Nxe2 30. Bxe2 g4 31. hxg4 hxg4 32. Kd2 Rh8 33. Rbc1 Rxh1 34. Rxh1 Rh8 35. Rxh8 Kxh8 36. Bd1 Kg7 37. Nb2 g3 38. Ke1 dxc5 39.
bxc5 Bb5 40. Bxa4 Ba6 41. Bb3 Kf8 42. Bc4 Ke7 43. Bxa6 bxa6 44. Nc4 Nd7 45. c6 Nc5 46. Nxe5 Kd6 47. Nc4+ Ke7 48. Ke2 Nb3 49. e5 Nd4+ 50. Kf1 Nf5 51. Ke1 Nd4 52. a4 a5 53. Nxa5 Nc2+ 54.
Ke2 Ne3 55. d6+ cxd6 56. c7 Kd7 57. exd6 Nxg2 58. Nc4 Nh4 59. Nb6+ Kxd6 60. c8=Q 1-0

[Event "*** Titled Tuesday Blitz"]
[Site "Chess.com"]
[Date "2021.02.02"]
[Round "10"]
[White "Sippp"]
[Black "TokChess"]
[Result "1-0"]
[WhiteElo "2786"]
[BlackElo "2512"]
[TimeControl "180+1"]
[EndTime "11:56:28 PST"]
[Termination "Sippp won by checkmate"]

1. e4 c5 2. Nf3 e6 3. d4 cxd4 4. Nxd4 a6 5. Be2 Nf6 6. Nc3 Qc7 7. O-O d6 8. Kh1 Nbd7 9. f4 b5 10. Bf3 Bb7 11. a3 Rc8 12. Re1 h5 13. Be3 Be7 14.
Bg1 Qb8 15. Qe2 Qa8 16. Rad1 g6 17. Nd5 Bd8 18. Nxf6+ Nxf6 19. Nb3 O-O 20. Rxd6 Bc7 21.
Rdd1 Bxf4 22. Bd4 e5 23. Bg1 Rfd8 24. Nc5 Bc6 25. Nd3 Bh6 26. Nxe5 Re8 27. Nxc6 Qxc6 28. e5 Qc7 29. Bd4 Nd7 30. Bd5 Nf8 31. c3 Bg7 32. Qf3 Rcd8 33. Bb3 Ne6 34. Qe4 Re7 35. h3 Nc5 36. Bxc5 Rxd1 37. Rxd1 Qxc5 38. Qxg6 Kf8 39.
Rd8+ Re8 40. Qxf7# 1-0

[Event "*** Titled Tuesday Blitz"]
[Site "Chess.com"]
[Date "2021.02.02"]
[Round "10"]
[White "Abdimalik_Abdisalimov"]
[Black "zurzan"]
[Result "1-0"]
[WhiteElo "2291"]
[BlackElo "2031"]
[TimeControl "180+1"]
[EndTime "11:56:28 PST"]
[Termination "Abdimalik_Abdisalimov won by resignation"]

1. d4 d6 2. c4 f5 3. Nc3 Nf6 4. g3 g6 5. Bg2 Bg7 6. Nf3 O-O 7.
O-O c6 8. e4 fxe4 9. Ng5 Bf5 10. Ngxe4 Nxe4 11. Nxe4 d5 12. cxd5 cxd5 13. Nc3 Be6 14.
Re1 Bf7 15. Bg5 Bf6 16. Bxf6 exf6 17. Qb3 Nc6 18. Qxb7 Nxd4 19. Rad1 Rb8 20. Qxa7 Nc2 21. Re2 Nb4 22. a3 Nc6 23. Qc5 Ne5 24. Nxd5 Rc8 25.
Ne7+ Kg7 26. Rxd8 Rxc5 27. Rxf8 Kxf8 28. f4 Ng4 29. Re1 Rc2 30. b4 Ra2 31. h3 Nh6 32. Nd5 Rxg2+ 33. Kxg2 Bxd5+ 34. Kf2 Nf7 35. b5 Bb7 36. a4 Nd6 37. b6 f5 38. a5 Ne4+ 39.
Ke3 Nc5 40. Kd4 Na6 41. Ke5 Kf7 42. Kd6 Bg2 43. Re7+ Kf8 44. Ra7 Nb4 45. b7 Bxb7 46. Rxb7 Na6 47. Rb6 1-0

[Event "*** Titled Tuesday Blitz"]
[Site "Chess.com"]
[Date "2021.02.02"]
[Round "10"]
[White "SergeiAza"]
[Black "anantone"]
[Result "1-0"]
[WhiteElo "2790"]
[BlackElo "2580"]
[TimeControl "180+1"]
[EndTime "11:56:29 PST"]
[Termination "SergeiAza won by resignation"]

1. e4 e6 2. d4 d5 3. Nd2 Nf6 4. e5 Nfd7 5. Bd3 c5 6. c3 Nc6 7. Ne2 cxd4 8. cxd4 f6 9. exf6 Nxf6 10. O-O Bd6 11. Nf3 O-O 12. Bf4 Bxf4 13. Nxf4 Ne4 14. Nh5 Bd7 15. Ng3 Nxg3 16. hxg3 Qf6 17. Bb5 Rac8 18. Bxc6 Bxc6 19. Qd2 Be8 20. Ne5 Rc7 21. Rac1 Rxc1 22. Rxc1 Qd8 23. Qb4 Bc6 24. Nxc6 bxc6 25. Rxc6 Qf6 26. Qd2 h6 27. b4 Qf5 28. a4 Qb1+ 29. Rc1 Qf5 30. Qe3 Rb8 31. b5 Rb7 32. f3 Kf7 33. g4 Qg5 34. Qxg5 hxg5 35. Rc6 Ke7 36. Kf2 Kd7 37. Ke3 Rb8 38. g3 Rb7 39. f4 gxf4+ 40. gxf4 Rb8 41. Ra6 Rb7 42. Kf3 Rc7 43. Kg3 Ke7 44. Kh4 Kf7 45. Kg5 Rb7 46. Rd6 Rc7 47. Rc6 Rb7 48. f5 exf5 49. Kxf5 Rd7 50.
g5 Ke7 51. Ke5 Kf7 52. g6+ Ke7 53. Re6+ Kf8 54. Rd6 Re7+ 55. Kxd5 Re1 56. Rd7 Rg1 57.
Rxa7 Rxg6 58. a5 Ke8 59. b6 Kd8 60. Ra8+ Kd7 61. b7 Rg5+ 62. Kc4 1-0